 Dungeon Sprint DCSS version 0.19.0-17-g07987d3 (webtiles) character file.

2 LORDOFBUTT the Sneak (level 1, -1/9 HPs)
             Began as a Spriggan Enchanter on Nov 10, 2016.
             Was an Initiate of Dithmenos.
             Slain by a kobold
             ... wielding a +0 club
              (7 damage)
             ... in the Dungeon (Sprint VII: "The Pits").
             The game lasted 00:00:39 (104 turns).

LORDOFBUTT the Sneak (Spriggan Enchanter)            Turns: 104, Time: 00:00:39

Health: -1/9       AC:  3    Str:  4    XL:     1   Next: 25%
Magic:  5/5        EV: 18    Int: 16    God:    Dithmenos [......]
Gold:   0          SH:  0    Dex: 16    Spells: 1 memorised, 5 levels left

rFire  . . .     SeeInvis +     k - +2 dagger
rCold  . . .     Gourm    .     b - +1 robe
rNeg   . . .     Faith    .     (shield restricted)
rPois  .         Spirit   .     (helmet restricted)
rElec  .         Reflect  .     (no cloak)
rCorr  .         Harm     .     (gloves unavailable)
MR     .....     NoTele   +     (boots unavailable)
Stlth  +++.......               (no amulet)
                                (no ring)
                                (no ring)

@: very quick
A: unfitting armour, see invisible, herbivore 3, speed 3, slow metabolism 2
a: Renounce Religion


You were in the Dungeon.
You worshipped Dithmenos.
Dithmenos was noncommittal.
You were not hungry.

You visited 1 branch

Inventory:

Hand Weapons
 k - a +2 dagger (weapon)
Armour
 b - a +1 robe (worn)
Scrolls
 j - a scroll of blinking
 l - 3 scrolls of remove curse
 m - 5 scrolls of amnesia
 n - a scroll of summoning
Potions
 a - 2 potions of invisibility
 e - a potion of curing
 f - a potion of heal wounds
 g - a potion of haste
 h - 4 potions of magic
 i - 3 potions of berserk rage
Books
 c - a book of Maledictions

   Spells                             Type                      Level
   a - Corona                         Hexes                        1
   b - Ensorcelled Hibernation        Hexes/Ice                    2
   c - Confuse                        Hexes                        3
   d - Tukima's Dance                 Hexes                        3
   e - Dazzling Spray                 Conjuration/Hexes            3
Comestibles
 d - 8 bread rations
 o - 40 fruits


   Skills:
 - Level 1.1 Short Blades
 - Level 3.0 Dodging
 + Level 4.6 Stealth
 * Level 3.2 Spellcasting
 * Level 4.2 Hexes


You had 5 spell levels left.
You knew the following spells:

 Your Spells              Type           Power        Failure   Level  Hunger
a - Corona                Hex            ###....      3%          1    None


Dungeon Overview and Level Annotations

Branches:
Dungeon (1/1)

Altars:
Ashenzari
Cheibriados
Dithmenos
Elyvilon
Fedhas
Gozag
Hepliaklqana
Kikubaaqudgha
Makhleb
Nemelex Xobeh
Okawaru
Qazlal
Ru
Sif Muna
Trog
Uskayaw
Vehumet
Xom
Yredelemnul
Zin
The Shining One
Beogh
Jiyva
Lugonu


Innate Abilities, Weirdness & Mutations

You are very small and have problems with some larger weapons.
You are too small for most types of armour.
You have supernaturally acute eyesight. (SInv)
You are a herbivore.
You cover ground extremely quickly.
You need consume almost no food.


Message History

The ball python is severely wounded.
The ball python bites you. The ball python barely misses you. x2
The ball python misses you.
You hit the ball python.
You kill the ball python!
Dithmenos accepts your kill.
You open the door.
An ooze comes into view.
A kobold and an orc come into view.
The kobold shouts!
The ooze quivers.
The orc shouts!
There is an open door here.
The ooze barely misses you. The kobold hits you with a club.
There is an open door here.
You hit the kobold but do no damage. The kobold hits you but does no damage.
You barely miss the kobold. You barely miss the kobold.
The kobold hits you with a club!
Ouch! That really hurt!
You die...

#__________#
#____#####'###########+
######)))#.##..........
#%?(.')))'.##......#..#
##########.##..........
#..........)'..........
#'#####'#####......#..#
#.#..#.†# #..........
#.#.JK@.# ####'#####+
#.#.o#### #.......#
#.#..# #.......# #.#..#
#.......# #.##+#
#...<...# #.......#
#.......# #.......#
#########


You could see an ooze, an orc and a kobold.

Vanquished Creatures
  2 ball pythons (D)
  A kobold (D)
3 creatures vanquished.

Notes
Turn   | Place    | Note
-------+----------+-------------------------------------------
     0 | D        | LORDOFBUTT the Spriggan Enchanter began the quest for the Orb.
     0 | D        | Reached XP level 1. HP: 9/9 MP: 5/5
    52 | D        | Found a radiant altar of Vehumet.
    52 | D        | Found a hide-covered altar of Uskayaw.
    52 | D        | Found an ancient bone altar of Kikubaaqudgha.
    52 | D        | Found a viscous altar of Jiyva.
    52 | D        | Found a hazy altar of Hepliaklqana.
    53 | D        | Found a bloodstained altar of Trog.
    53 | D        | Found a deep blue altar of Sif Muna.
    53 | D        | Found a sacrificial altar of Ru.
    53 | D        | Found a stormy altar of Qazlal.
    53 | D        | Found an iron altar of Okawaru.
    53 | D        | Found a sparkling altar of Nemelex Xobeh.
    53 | D        | Found an opulent altar of Gozag.
    53 | D        | Found a blossoming altar of Fedhas.
    53 | D        | Found a white marble altar of Elyvilon.
    53 | D        | Found a shadowy altar of Dithmenos.
    53 | D        | Found a snail-covered altar of Cheibriados.
    54 | D        | Found a burning altar of Makhleb.
    54 | D        | Found a glowing golden altar of the Shining One.
    54 | D        | Found a glowing silver altar of Zin.
    54 | D        | Found a basalt altar of Yredelemnul.
    54 | D        | Found a roughly hewn altar of Beogh.
    55 | D        | Found a corrupted altar of Lugonu.
    55 | D        | Found a shimmering altar of Xom.
    55 | D        | Found a shattered altar of Ashenzari.
    63 | D        | Became a worshipper of Dithmenos the Shadowed
   104 | D        | Slain by a kobold

Skill      XL: |  1 |
---------------+----+-----
Spellcasting   | 3 |  3.2
Hexes          | 4 |  4.2
Short Blades   | |  1.1
Dodging        | |  3.0
Stealth        | |  4.6

Action                   || total
-------------------------++-------
Melee: Dagger            ||    10
Armor: Robe              ||     3
Dodge: Dodged            ||     9
